 Dungeon Crawl Stone Soup version 0.30-a0-782-ge64f9170bb (webtiles) character file.

Game seed: 8516735817277523694

476 theswoord the Grave Robber (level 6, -3/29 (33) HPs)
             Began as a Deep Elf Necromancer on Mar 14, 2023.
             Slain by Menkaure (20 damage)
             ... on level 4 of the Dungeon.
             The game lasted 00:06:39 (3230 turns).

theswoord the Grave Robber (Deep Elf Necromancer)   Turns: 3230, Time: 00:06:39

HP:   -3/29 (33)    AC:  8    Str: 13    XL:     6   Next: 84%
MP:   26/26         EV:  9    Int: 20    God:
Gold: 206           SH:  0    Dex: 15    Spells: 12/17 levels left

rFire   . . .      SeeInvis .    d - +1 whip
rCold   . . .      Faith    .    (no shield)
rNeg    . . .      Spirit   .    l - +0 scale mail
rPois   .          Reflect  .    (no helmet)
rElec   .          Harm     .    (no cloak)
rCorr   .          Rampage  .    i - +1 pair of gloves
Will    .....                    (no boots)
Stlth   +                        f - amulet of the acrobat
HPRegen 0.24/turn                g - +6 ring of strength
MPRegen 0.20/turn                j - ring of magical power

@: hasted, heavily drained, very quick
A: no striking features
a: no special abilities


You were on level 4 of the Dungeon.
You visited 1 branch of the dungeon, and saw 4 of its levels.

You collected 206 gold pieces.

Inventory:

Hand Weapons
 c - a +0 hand axe
 d - a +1 whip (weapon)
Armour
 a - a +0 robe
 i - a +1 pair of gloves (worn)
 l - a +0 scale mail (worn)
Jewellery
 f - an amulet of the acrobat (around neck)
 g - a +6 ring of strength (left hand)
 j - a ring of magical power (right hand)
 r - a ring of wizardry
Wands
 v - a wand of paralysis (7)
Scrolls
 h - a scroll of identify
 o - a scroll of noise
Potions
 b - a potion of magic


   Skills:
 - Level 0.4 Fighting
 + Level 5.1 Ranged Weapons
 - Level 2.4 Dodging
 - Level 2.4 Stealth
 + Level 6.1 Spellcasting
 + Level 6.9 Necromancy


You had 12 spell levels left.
You knew the following spells:

 Your Spells              Type           Power      Damage    Failure   Level
a - Necrotise             Necr           100%       1d9       3%          1
b - Animate Dead          Necr           33%        N/A       30%         4

Your spell library contained the following spells:

 Spells                   Type           Power      Damage    Failure   Level
 Vampiric Draining        Necr           33%        2d8       9%          3
 Sandblast                Erth           12%        2d6       45%         1
 Blink                    Tloc           12%        N/A       61%         2
 Passwall                 Tmut/Erth      5%         N/A       61%         2
 Agony                    Necr           33%        N/A       63%         5
 Stone Arrow              Conj/Erth      12%        3d7       83%         3
 Manifold Assault         Tloc           6%         N/A       99%         4
 Storm Form               Tmut/Air       3%         N/A       100%        7


Dungeon Overview and Level Annotations

Branches:
Dungeon (4/15)
 Temple: D:4-7

Altars:
Dithmenos

Annotations:
D:4 Menkaure


Message History

Aim: a hound (chance to affect: 88%)
The hound writhes in agony.
Aim: a hound (moderately wounded, chance to affect: 88%)
The hound writhes in agony!
Aim: a hound (severely wounded, chance to affect: 88%)
The hound writhes in agony.
You kill the hound!
The dead are walking!
You can't see any susceptible monsters within range! (Use Z to cast anyway.)
You can't see any susceptible monsters within range! (Use Z to cast anyway.)
You can't see any susceptible monsters within range! (Use Z to cast anyway.)
You now have 196 gold pieces (gained 14).
You swap places.
Your hound skeleton crumbles into dust!
You now have 206 gold pieces (gained 10).
Found 3 poisoned darts.
Menkaure, Prince of Dust comes into view.
Found a scroll of noise.
Menkaure shouts!
Menkaure is nearby!
Menkaure is nearby!
You can't see any susceptible monsters within range! (Use Z to cast anyway.)
Okay, then.
As you read the scroll of identify, it crumbles to dust.
u - a potion of haste You feel yourself speed up.
Menkaure says, "Why can't you leave me to my rest?"
You barely miss Menkaure. You barely miss Menkaure. Menkaure misses you.
You barely miss Menkaure. Menkaure hits you!
You barely miss Menkaure.
A dart slug comes into view.
You hit Menkaure. Menkaure hits you.
You hit Menkaure but do no damage. Menkaure barely misses you.
You hit Menkaure. You barely miss Menkaure. You punch Menkaure.
Menkaure barely misses you.
You hit Menkaure. You barely miss Menkaure. Menkaure hits you!!
Ouch! That really hurt!
You die...

....# ....# ###### ....#
#....# ....# #....#
....# ####....# .####
###.......# ####
...#####...##....# ?....
.........#######.#......
.#...##### #@M......
...#.## #.....w..
..##..### #......(.
./##....#### #........
...........### #........
....#......... .......$.
..#........## #........
............## #........
...†.........#


You could see Menkaure and a dart slug.

Vanquished Creatures
  Sigmund (D:3)
  A phantom (D:4)
  A necrophage (D:4)
  A hound (D:4)
  Ijyb (D:3)
  Terence (D:3)
  3 adders
  2 dart slugs
  5 orcs (D:3)
  5 ball pythons
  8 endoplasms
  7 giant cockroaches
  A goblin (D:1)
  3 hobgoblins
  2 jackals (D:2)
  9 kobolds
  3 quokkas
  3 bats
  3 frilled lizards
  3 rats
63 creatures vanquished.

Vanquished Creatures (collateral kills)
  A giant cockroach (D:4)
  A rat (D:2)
2 creatures vanquished.

Grand Total: 65 creatures vanquished

Notes
Turn   | Place    | Note
-------+----------+-------------------------------------------
     0 | D:1      | theswoord the Deep Elf Necromancer began the quest for the
                  | Orb.
     0 | D:1      | Reached XP level 1. HP: 10/10 MP: 6/6
   200 | D:1      | Reached skill level 1 in Ranged Weapons
   200 | D:1      | Reached skill level 5 in Necromancy
   271 | D:1      | Reached XP level 2. HP: 15/15 MP: 6/8
  1004 | D:2      | Reached XP level 3. HP: 19/19 MP: 7/10
  1662 | D:3      | Noticed Terence
  1668 | D:3      | Killed Terence
  1669 | D:3      | Reached XP level 4. HP: 16/24 MP: 12/12
  1743 | D:3      | Learned a level 4 spell: Animate Dead
  2189 | D:3      | Noticed Ijyb
  2199 | D:3      | Killed Ijyb
  2400 | D:3      | Noticed Sigmund
  2412 | D:3      | Killed Sigmund
  2413 | D:3      | Reached skill level 5 in Spellcasting
  2413 | D:3      | Reached XP level 5. HP: 7/28 MP: 14/14
  2413 | D:3      | Reached XP level 6. HP: 8/33 MP: 16/16
  2630 | D:4      | Found a shadowy altar of Dithmenos.
  2975 | D:4      | Reached skill level 5 in Ranged Weapons
  3218 | D:4      | Noticed Menkaure
  3230 | D:4      | Slain by Menkaure

Skill      XL: |  1  2  3  4  5  6 |
---------------+-------------------+-----
Ranged Weapons | 1 2 4 5 |  5.1
Necromancy     | 5 6 |  6.9
Spellcasting   | 4 5 6 |  6.1
Fighting       | |  0.4
Dodging        | |  2.4
Stealth        | |  2.4

Action                     |  1- 3 |  4- 6 || total
---------------------------+-------+-------++-------
  Melee: Whip              |     6 |    51 ||    57
         Punch             |       |     1 ||     1
   Cast: Necrotise         |    70 |    59 ||   129
  Evoke: Wand              |       |     9 ||     9
    Use: Scroll            |     4 |     9 ||    13
         Potion            |       |     6 ||     6
 Armour: Robe              |     3 |       ||     3
         Scale mail        |     5 |    34 ||    39
  Dodge: Dodged            |    23 |    49 ||    72

Levels and vault maps discovered:
D:1:      dpeg_arrival_water_temple_mockup, layout_basic
D:2:      layout_rooms
D:3:      layout_loops_ring, kennysheep_generic_room_14, uniq_sigmund,
          uniq_terence, uniq_ijyb
D:4:      layout_rooms, nicolae_dithmenos_through_a_glass_darkly,
          mainiacjoe_overflow_alcove_4, uniq_crazy_yiuf_cottage, uniq_menkaure
